 Dungeon Crawl Stone Soup version 0.29-a0-88-g03a7b78be7 (webtiles) character file.

Game seed: 2754575909441015668

3111 lordive the Grappler (level 9, -10/84 HPs)
             Began as a Troll Warper on Feb 5, 2022.
             Was an Initiate of Okawaru.
             Killed from afar by a quicksilver dragon (25 damage)
             ... with a bolt of dispelling energy
             ... on level 1 of the Abyss.
             The game lasted 00:18:01 (7258 turns).

lordive the Grappler (Troll Warper)                 Turns: 7258, Time: 00:18:02

Health: -10/84     AC:  5    Str: 21    XL:     9   Next: 60%
Magic:  10/10      EV: 10    Int: 19    God:    Okawaru [......]
Gold:   379        SH:  5    Dex:  9    Spells: 2/10 levels left

rFire   . . .      SeeInvis .     - Unarmed
rCold   . . .      Faith    .   (no shield)
rNeg    . . .      Spirit   .   a - +0 robe
rPois   .          Reflect  +   (helmet restricted)
rElec   .          Harm     .   D - +0 cloak
rCorr   .          Rampage  .   (gloves unavailable)
Will    .....                   (boots unavailable)
Stlth   +.........              C - amulet of reflection
HPRegen 1.04/turn               d - ring of wizardry
MPRegen 0.12/turn               v - +6 ring of intelligence

@: no status effects
A: large, unfitting armour, claws 3, regeneration 1, shaggy fur 1, tough skin 1
a: Renounce Religion


You were on level 1 of the Abyss.
You worshipped Okawaru.
Okawaru was noncommittal.
You visited 2 branches of the dungeon, and saw 9 of its levels.
You visited the Abyss 1 time.

You collected 379 gold pieces.

Inventory:

Armour
 a - a +0 robe (worn)
 D - a +0 cloak (worn)
Jewellery
 d - a ring of wizardry (left claw)
 o - an amulet of faith
 v - a +6 ring of intelligence (right claw)
 y - a ring of see invisible
 C - an amulet of reflection (around neck)
Wands
 E - a wand of polymorph (2)
Scrolls
 b - 3 scrolls of blinking
 g - 2 scrolls of amnesia {unknown}
 i - 3 scrolls of fog {unknown}
 j - 5 scrolls of identify {unknown}
 l - 3 scrolls of teleportation {unknown}
 m - 2 scrolls of summoning {unknown}
 p - 2 scrolls of noise {unknown}
 r - a scroll of vulnerability {unknown}
 s - a scroll of enchant armour {unknown}
 w - a scroll of magic mapping {unknown}
 A - a scroll of enchant weapon {unknown}
 B - a scroll of fear {unknown}
Potions
 e - 5 potions of brilliance {unknown}
 f - 3 potions of curing {unknown}
 h - 2 potions of attraction {unknown}
 k - 4 potions of haste {unknown}
 n - a potion of berserk rage {unknown}
 q - 6 potions of mutation {unknown}
 t - a potion of magic {unknown}
 u - a potion of cancellation {unknown}
 x - a potion of invisibility {unknown}
 z - 2 potions of heal wounds {unknown}
 F - a potion of degeneration {unknown}


   Skills:
 + Level 4.2 Fighting
 - Level 0.8 Throwing
 + Level 4.7 Dodging
 + Level 1.5 Stealth
 + Level 9.0 Unarmed Combat
 + Level 1.4 Spellcasting
 * Level 5.4 Translocations
 * Level 1.0 Invocations


You had 2 spell levels left.
You knew the following spells:

 Your Spells              Type           Power      Damage    Failure   Level
a - Teleport Other        Tloc           21%        N/A       2%          3
b - Manifold Assault      Tloc           21%        N/A       21%         5

Your spell library contained the following spells:

 Spells                   Type           Power      Damage    Failure   Level
 Blink                    Tloc           42%        N/A       1%          2
 Beastly Appendage        Tmut           2%         N/A       8%          1
 Wereblood                Tmut           1%         N/A       11%         2
 Gell's Gravitas          Tloc           21%        N/A       2%          3
 Lesser Beckoning         Tloc           21%        N/A       2%          3
 Frozen Ramparts          Ice            2%         1d2       21%         3
 Spider Form              Tmut/Pois      1%         N/A       21%         3
 Ice Form                 Ice/Tmut       1%         N/A       54%         4
 Leda's Liquefaction      Hex/Erth       0%         N/A       54%         4
 Lee's Rapid Deconstruct  Erth           0%         3d5*      86%         5
 Statue Form              Tmut/Erth      0%         N/A       100%        6
 Summon Ice Beast         Ice/Summ       Unusable   N/A       N/A         4

Dungeon Overview and Level Annotations

Branches:
Dungeon (8/15)             Temple (1/1) D:5
   Lair: D:8-11

Altars:
Ashenzari
Cheibriados
Elyvilon
Fedhas
Gozag
Hepliaklqana
Makhleb
Nemelex Xobeh
Okawaru
Qazlal
Ru
Sif Muna
Trog
Uskayaw
Vehumet
Wu Jian
Yredelemnul
Zin
The Shining One

Shops:
D:2 (

Portals:
Abyss: D:7

Annotations:
D:6 2 runed translucent doors, enile's ghost, novice OpBr
D:7 4 runed translucent doors, 2 transporters, Dormantt's ghost, novice DEFE
D:8 Maggie


Innate Abilities, Weirdness & Mutations

You are too large for most types of armour.
You have claws for hands.
Your natural rate of healing is unusually fast.
You are covered in fur. (AC +1)
You have tough skin. (AC +1)


Message History

You claw the starcursed mass!
The starcursed mass is heavily damaged.
The starcursed mass shudders and is absorbed by its neighbour.
You block the starcursed mass's attack.
You scratch the starcursed mass.
The starcursed mass is moderately damaged.
A starcursed mass splits.
You scratch the starcursed mass.
The starcursed mass is heavily damaged.
The starcursed mass shudders and is absorbed by its neighbour.
The starcursed mass touches you!
You scratch the starcursed mass.
The starcursed mass is heavily damaged.
A starcursed mass splits.
You mangle the starcursed mass!!
You destroy the starcursed mass!
That felt strangely unrewarding.
The starcursed mass closely misses you.
You scratch the starcursed mass.
You destroy the starcursed mass!
That felt strangely unrewarding.
Unknown command.
A quicksilver dragon comes into view.
The quicksilver dragon roars deafeningly!
The quicksilver dragon breathes dispelling energy at you.
The bolt of dispelling energy hits you!!!
Casting: Teleport Other (mildly dangerous; 2% risk of failure)
Confirm with . or Enter, or press ? or * to list all spells.
Aiming: Teleport Other (mildly dangerous; 2% risk of failure)
Press: ? - help, Shift-Dir - straight line, f - quicksilver dragon
Aim: a quicksilver dragon (chance to affect: 0%)
Okay, then.
The quicksilver dragon breathes dispelling energy at you.
The bolt of dispelling energy hits you!!!
* * * LOW HITPOINT WARNING * * *
A freezing wraith comes into view.
Unknown command.
The quicksilver dragon breathes dispelling energy at you.
The bolt of dispelling energy hits you!!
You die...

## #..# ######...
.###########.##.W###
##
.......@.D..........
.
.###########....###
###.. .##....#
##....###.....#
####.##. .###....#
#.##...#.........#
#.##.#.### ##.#..#
### #....#.#
#....... ########
#### ### ##


You could see a quicksilver dragon (catching breath).

Vanquished Creatures
  Pikel (D:5)
  A wyvern (D:8)
  A chaos spawn (Abyss:1)
  An acid dragon (D:8)
  A water moccasin (D:7)
  A sky beast (D:4)
  An ice beast (D:7)
  2 orc warriors
  4 ogres
  2 starcursed masses (Abyss:1)
  2 centaurs (D:7)
  2 phantoms
  4 bullfrogs
  2 lemures
  2 scorpions
  A wyvern skeleton (D:5)
  A howler monkey (D:7)
  4 bullfrog zombies
  2 jellies (D:6)
  A hound (D:4)
  4 orc priests
  Jessica (D:2)
  An iguana (D:6)
  8 orc wizards
  A killer bee zombie (D:6)
  4 adders
  3 gnolls
  A white imp (D:6)
  An ufetubus (D:4)
  19 orcs
  6 bats
  9 endoplasms
  2 giant cockroaches
  7 hobgoblins
  10 jackals
  2 quokkas (D:2)
  3 ball pythons
  4 frilled lizards
  6 goblins
  12 kobolds
  7 rats
147 creatures vanquished.

Notes
Turn   | Place    | Note
-------+----------+-------------------------------------------
     0 | D:1      | lordive the Troll Warper began the quest for the Orb.
     0 | D:1      | Reached XP level 1. HP: 19/19 MP: 1/1
   216 | D:1      | Reached XP level 2. HP: 28/28 MP: 2/2
   596 | D:1      | Reached XP level 3. HP: 25/35 MP: 3/3
   755 | D:2      | Found Cilliut's Antique Weapon Emporium.
   787 | D:2      | Noticed Jessica
   797 | D:2      | Killed Jessica
  1000 | D:2      | Reached XP level 4. HP: 42/42 MP: 5/5
  1682 | D:3      | Found a radiant altar of Vehumet.
  1689 | D:3      | Reached skill level 3 in Unarmed Combat
  1743 | D:3      | Identified the +1 leather armour "Sofas" {rPois Int+2
                  | Stlth+}
  2384 | D:4      | Reached XP level 5. HP: 30/49 MP: 6/6
  2410 | D:4      | Noticed an ogre
  2416 | D:4      | Killed an ogre
  2417 | D:4      | Reached skill level 4 in Unarmed Combat
  2503 | D:4      | Reached XP level 6. HP: 46/57 MP: 7/7
  2534 | D:4      | Found a sparkling altar of Nemelex Xobeh.
  2904 | D:4      | Reached XP level 7. HP: 31/66 MP: 8/8
  2981 | D:5      | Entered Level 5 of the Dungeon
  3035 | D:5      | Reached skill level 5 in Unarmed Combat
  3325 | D:5      | Found a staircase to the Ecumenical Temple.
  3478 | D:4      | Reached skill level 1 in Stealth
  3903 | D:6      | Noticed Pikel
  4045 | D:5      | Killed Pikel
  4046 | D:5      | Reached skill level 6 in Unarmed Combat
  4046 | D:5      | Reached XP level 8. HP: 22/75 MP: 9/9
  4163 | D:6      | Reached skill level 7 in Unarmed Combat
  4555 | D:6      | Identified the +4 ring mail of Ilouf {rF+}
  4711 | D:6      | Found a blossoming altar of Fedhas.
  4718 | D:6      | Reached XP level 9. HP: 84/84 MP: 10/10
  4731 | D:6      | Found a large runed translucent door.
  4731 | D:6      | Found a large runed translucent door.
  4762 | D:6      | Noticed enile's ghost (novice OpBr)
  4987 | D:7      | Reached skill level 8 in Unarmed Combat
  4993 | D:7      | Reached skill level 5 in Translocations
  5333 | D:7      | Found a huge runed translucent gate.
  5333 | D:7      | Found a huge runed translucent gate.
  5333 | D:7      | Found a huge runed translucent gate.
  5333 | D:7      | Found a huge runed translucent gate.
  5333 | D:7      | Noticed a polar bear
  5333 | D:7      | Noticed a polar bear
  5334 | D:7      | Noticed a polar bear
  5334 | D:7      | Noticed a polar bear
  5334 | D:7      | Noticed a polar bear
  5334 | D:7      | Noticed a manticore
  5382 | D:7      | Found a transporter.
  5405 | D:7      | Noticed a brown ugly thing
  5405 | D:7      | Noticed Dormantt's ghost (novice DEFE)
  5497 | D:7      | Found a transporter.
  5589 | D:7      | Found a one-way gate to the infinite horrors of the Abyss.
  6069 | D:7      | Found an ornate altar of the Wu Jian Council.
  6148 | Temple   | Entered the Ecumenical Temple
  6180 | Temple   | Learned a level 3 spell: Teleport Other
  6186 | Temple   | Learned a level 5 spell: Manifold Assault
  6190 | Temple   | Became a worshipper of Warmaster Okawaru
  6671 | D:8      | Identified the +4 spear "Otoanohi" {distort, rF+++}
  6675 | D:8      | Noticed Maggie
  6832 | D:8      | Reached skill level 9 in Unarmed Combat
  6832 | D:8      | Reached skill level 1 in Invocations
  6911 | D:8      | Cast into level 1 of the Abyss (Maggie)
  6983 | Abyss:1  | Noticed an orange demon
  7105 | Abyss:1  | Noticed a starcursed mass
  7119 | Abyss:1  | Killed a starcursed mass
  7250 | Abyss:1  | Noticed a quicksilver dragon
  7253 | Abyss:1  | Noticed a freezing wraith
  7258 | Abyss:1  | Killed from afar by a quicksilver dragon

Illustrated notes

Levels and vault maps discovered:
D:1:      matt_arrival_spirals, layout_loops_ring
D:2:      layout_basic, serial_shops, shop_statue, uniq_jessica
D:3:      layout_basic, mainiacjoe_overflow_boulevard
D:4:      layout_basic, nemelex_diamond_rough_becter
D:5:      layout_cave_pools, temple_fountains
D:6:      layout_loops_ring, lemuel_doored_altar, ebering_ghost_disaster_area,
          uniq_pikel
D:7:      lemuel_bear_cage, layout_basic, nicolae_wu_jian_immortal_techniques,
          gammafunk_ghost_abyssal_escape
D:8:      layout_loops_ring, lemuel_round_altar, minmay_strange_pillars,
          uniq_maggie, uniq_maurice
Temple:   minmay_freezing_vapour_temple
Abyss:1:  base: D:8, base:
D:7

Skill      XL: |  1  2  3  4  5  6  7  8  9 |
---------------+----------------------------+-----
Dodging        | 2 3 4 |  4.7
Translocations | 3 4 5 |  5.4
Unarmed Combat | 3 4 6 7 9 |  9.0
Fighting       | 2 3 4 |  4.2
Stealth        | 1 |  1.5
Invocations    | 1 |  1.0
Throwing       | |  0.8
Spellcasting   | |  1.4

Action                   |  1- 3 |  4- 6 |  7- 9 || total
-------------------------+-------+-------+-------++-------
Melee: Unarmed           |    91 |   164 |   318 ||   573
       Punch             |     2 |     8 |    10 ||    20
Throw: Boomerang         |       |       |     5 ||     5
 Cast: Teleport Other    |       |       |     8 ||     8
 Stab: Sleeping          |     1 |     2 |     1 ||     4
Armor: Robe              |    27 |    35 |    59 ||   121
Dodge: Dodged            |    44 |    73 |   128 ||   245
Block: Other             |       |       |     4 ||     4

Table legend: (Time is in decaauts)
 A = Elapsed time spent in this place.
 B = Non-inter-level travel time spent in this place.
 C = Inter-level travel time spent in this place.
 D = Time resting spent in this place.
 E = Time spent auto-exploring this place.
 F = Levels seen in this place.
 G = Mean time per level.
                   A        B        C        D        E       F      G
               +--------+--------+--------+--------+--------+-----+--------+
         Total |   7211 |   6837 |    374 |    489 |   4431 |  10 |  721.1 |
       Dungeon |   6819 |   6451 |    368 |    394 |   4333 |   8 |  852.4 |
        Temple |     47 |     42 |      5 |      0 |     10 |   1 |   47.0 |
         Abyss |    344 |    344 |      0 |     95 |     88 |   1 |  344.0 |
               +--------+--------+--------+--------+--------+-----+--------+

Top non-repeatable levels by time:
     D:7: 1228 daAuts
     D:4: 1157 daAuts
     D:6: 1017 daAuts
     D:2: 827 daAuts
     D:5: 783 daAuts
     D:1: 752 daAuts
     D:3: 627 daAuts
     D:8: 426 daAuts
 Abyss:1: 344 daAuts
  Temple: 47 daAuts
